 Dungeon Crawl Stone Soup version 0.29-a0-322-g68df515428 (webtiles) character file.

Game seed: 15731322102250512156

61 Hubjo the Skirmisher (level 3, -7/30 HPs)
             Began as a Demonspawn Monk on Apr 6, 2022.
             Was a Priest of Vehumet.
             Mangled by an iguana (10 damage)
             ... on level 3 of the Dungeon.
             The game lasted 00:02:30 (2101 turns).

Hubjo the Skirmisher (Demonspawn Monk)              Turns: 2101, Time: 00:02:30

Health: -7/30      AC:  2    Str: 11    XL:     3   Next: 83%
Magic:  4/4        EV: 18    Int: 11    God:    Vehumet [***...]
Gold:   70         SH:  0    Dex: 17    Spells: 2/3 levels left

rFire   . . .      SeeInvis .   a - +0 short sword
rCold   . . .      Faith    .   (no shield)
rNeg    . . .      Spirit   .   b - +0 robe
rPois   .          Reflect  .   (no helmet)
rElec   .          Harm     .   (no cloak)
rCorr   .          Rampage  .   (no gloves)
Will    .....                   (no boots)
Stlth   ++........              (no amulet)
HPRegen 0.10/turn               (no ring)
MPRegen 0.09/turn               (no ring)

@: agile, attractive
A: powered by pain 2
a: Renounce Religion


You were on level 3 of the Dungeon.
You worshipped Vehumet.
Vehumet was most pleased with you.
You visited 1 branch of the dungeon, and saw 3 of its levels.

You collected 70 gold pieces.

Inventory:

Hand Weapons
 a - a +0 short sword (weapon)
Armour
 b - a +0 robe (worn)
Scrolls
 e - 4 scrolls of identify {unknown}
 f - a scroll of enchant weapon {unknown}
 g - 2 scrolls of holy word {unknown}
 i - a scroll of torment {unknown}
 j - a scroll of enchant armour {unknown}
Potions
 c - a potion of curing {unknown}
 d - 2 potions of attraction


   Skills:
 + Level 3.6 Fighting
 - Level 2.6 Short Blades
 - Level 2.6 Dodging
 * Level 2.9 Stealth
 - Level 0.8 Spellcasting
 * Level 1.1 Summonings


You had 2 spell levels left.
You knew the following spells:

 Your Spells              Type           Power      Damage    Failure   Level
a - Summon Small Mammal   Summ           8%         N/A       22%         1

Your spell library contained the following spells:

 Spells                   Type           Power      Damage    Failure   Level
 Stone Arrow              Conj/Erth      0%         3d7       24%         3
 Scorch                   Fire           0%         2d5       13%         2
 Animate Skeleton         Necr           0%         N/A       32%         1
 Apportation              Tloc           0%         N/A       32%         1
 Beastly Appendage        Tmut           0%         N/A       32%         1
 Ensorcelled Hibernation  Hex/Ice        0%         N/A       45%         2
 Wereblood                Tmut           0%         N/A       45%         2
 Dazzling Flash           Conj/Hex       0%         N/A       24%         3
 Flame Wave               Conj/Fire      0%         2d4       58%         4
 Spider Form              Tmut/Pois      0%         N/A       69%         3
 Anguish                  Hex/Necr       0%         N/A       97%         4
 Agony                    Necr           0%         N/A       100%        5
 Silence                  Hex/Air        0%         N/A       100%        5
 Summon Cactus Giant      Summ           1%         N/A       100%        6


Dungeon Overview and Level Annotations

Branches:
Dungeon (2/15)

Altars:
Vehumet
Beogh


Innate Abilities, Weirdness & Mutations

You sometimes gain power by taking damage.


Message History

The iguana is moderately wounded.
The iguana bites you!
* * * LOW HITPOINT WARNING * * *
You are too injured to fight recklessly!
You are too injured to fight recklessly!
You are too injured to fight recklessly!
You are too injured to fight recklessly!
You are too injured to fight recklessly!
You are too injured to fight recklessly!
You are too injured to fight recklessly!
You are too injured to fight recklessly!
You are too injured to fight recklessly!
You are too injured to fight recklessly!
You are too injured to fight recklessly!
You are too injured to fight recklessly!
You are too injured to fight recklessly!
You are too injured to fight recklessly!
You are too injured to fight recklessly!
It was a potion of attraction.
You feel attractive to monsters. The iguana barely misses you.
You are confused.
You feel invigorated. The iguana closely misses you.
There is an open door here.
You're too confused to move!
You feel less invigorated.
You feel less confused. The iguana bites you!
* * * LOW HITPOINT WARNING * * *
You focus on the pain.
You feel agile all of a sudden.
You hit the iguana but do no damage.
The iguana is moderately wounded.
The iguana closely misses you.
You closely miss the iguana.
The iguana is moderately wounded.
The iguana misses you.
You hit the iguana but do no damage.
The iguana is moderately wounded.
The iguana bites you!
You die...

##.....##
##.......##
###.........
.'........
#....... #.....
#...# #.l# ##@#
#.# #.# ##.#
##..## #....#
### ##...###...#
#######.#.......
................


You could see an iguana.

Vanquished Creatures
  A gnoll (D:1)
  An adder (D:2)
  2 dart slugs
  11 bats
  6 endoplasms (D:1)
  A giant cockroach (D:1)
  2 goblins (D:1)
  2 hobgoblins (D:1)
  4 jackals (D:1)
  A ball python (D:1)
  2 kobolds
  3 rats
36 creatures vanquished.

Notes
Turn   | Place    | Note
-------+----------+-------------------------------------------
     0 | D:1      | Hubjo the Demonspawn Monk began the quest for the Orb.
     0 | D:1      | Reached XP level 1. HP: 18/18 MP: 1/1
    57 | D:1      | Gained mutation: You sometimes gain a little power by
                  | taking damage. [demonic ancestry]
    57 | D:1      | Reached XP level 2. HP: 9/24 MP: 2/2
   359 | D:1      | Found a faded altar of an unknown god.
   397 | D:1      | Prayed at the altar of an unknown god.
   397 | D:1      | Became a worshipper of Vehumet
   397 | D:1      | Reached * piety under Vehumet
   397 | D:1      | Offered knowledge of Magic Dart by Vehumet.
   397 | D:1      | Reached ** piety under Vehumet
   686 | D:1      | Offered knowledge of Sandblast by Vehumet.
   689 | D:1      | Learned a level 1 spell: Summon Small Mammal
   724 | D:1      | Reached *** piety under Vehumet
   725 | D:1      | Gained mutation: You sometimes gain power by taking damage.
                  | [demonic ancestry]
   725 | D:1      | Reached XP level 3. HP: 29/29 MP: 4/4
   970 | D:1      | Offered knowledge of Stone Arrow by Vehumet.
  1895 | D:2      | Reached skill level 1 in Summonings
  1897 | D:2      | You fall into a shaft and drop 1 floor!
  2101 | D:3      | Mangled by an iguana

Illustrated notes

Levels and vault maps discovered:
D:1:      sevenhm_arrival_forest_fort_small_3, layout_loops_ring,
          hellmonk_ecumenical_altar_defaced_shrine,
          chequers_serial_rivers_small_3
D:2:      layout_rooms, minivault_24
D:3:      layout_loops_corners, kennysheep_flooded_box, roderic_batcave

Skill      XL: |  1  2  3 |
---------------+----------+-----
Stealth        | 2 |  2.9
Summonings     | 1 |  1.1
Fighting       | |  3.6
Short Blades   | |  2.6
Dodging        | |  2.6
Spellcasting   | |  0.8

Action                   || total
-------------------------++-------
Melee: Short sword       ||   123
  Use: Potion            ||     3
 Stab: Sleeping          ||     7
Armor: Robe              ||    31
Dodge: Dodged            ||    94

Table legend: (Time is in decaauts)
 A = Elapsed time spent in this place.
 B = Non-inter-level travel time spent in this place.
 C = Inter-level travel time spent in this place.
 D = Time resting spent in this place.
 E = Time spent auto-exploring this place.
 F = Levels seen in this place.
 G = Mean time per level.
                   A        B        C        D        E       F      G
               +--------+--------+--------+--------+--------+-----+--------+
         Total |   2099 |   2052 |     47 |    283 |   1449 |   3 |  699.7 |
       Dungeon |   2099 |   2052 |     47 |    283 |   1449 |   3 |  699.7 |
               +--------+--------+--------+--------+--------+-----+--------+

Top non-repeatable levels by time:
     D:1: 1383 daAuts
     D:2: 513 daAuts
     D:3: 203 daAuts
